 Dungeon Crawl Stone Soup version 0.31-a0-217-g58bb5d7 (webtiles) character file.

Game seed: 17848481917742847593

34 lyrin the Firebug (level 3, -1/24 HPs)
             Began as a Human Fire Elementalist on July 2, 2023.
             Slain by an orc wizard
             ... wielding a +0 dagger
              (4 damage)
             ... on level 3 of the Dungeon.
             The game lasted 00:02:49 (1426 turns).

lyrin the Firebug (Human Fire Elementalist)         Turns: 1426, Time: 00:02:49

Health: -1/24      AC:  3    Str: 12    XL:     3   Next: 50%
Magic:  3/6        EV: 12    Int: 17    God:
Gold:   34         SH:  0    Dex: 15    Spells: 3/6 levels left

rFire   . . .        g - +0 dagger
rCold   . . .        (no shield)
rNeg    . . .        i - +1 robe "Forget-Me-Not" {Str+4 Dex+2 Archmagi}
rPois   +            (no helmet)
rElec   .            (no cloak)
rCorr   .            (no gloves)
SInv    .            (no boots)
Will    .....        (no amulet)
Stlth   +            j - ring of poison resistance
HPRegen 0.24/turn    (no ring)
MPRegen 0.10/turn

%: archmagi
@: confused
A: no striking features
a: no special abilities


You were on level 3 of the Dungeon.
You visited 1 branch of the dungeon, and saw 3 of its levels.

You collected 34 gold pieces.

Inventory:

Hand Weapons
 g - a +0 dagger (weapon)
Armour
 a - a +0 robe
 i - the +1 robe "Forget-Me-Not" (worn) {Str+4 Dex+2 Archmagi}
   (You found it on level 2 of the Dungeon)

   Str:       It affects your strength (+4).
   Dex:       It affects your dexterity (+2).
   Archmagi:  It increases the power of your magical spells.
Jewellery
 j - a ring of poison resistance (left hand)
 l - a +6 ring of strength
Scrolls
 c - a scroll of vulnerability {unknown}
 e - a scroll of revelation {unknown}
 f - a scroll of enchant armour {unknown}
 h - 2 scrolls of identify {unknown}
 k - a scroll of torment {unknown}
Potions
 b - a potion of magic
 d - a potion of mutation {unknown}
 m - a potion of invisibility {unknown}
 n - a potion of curing {unknown}


   Skills:
 + Level 2.3 Dodging
 - Level 2.0 Stealth
 + Level 2.4 Spellcasting
 + Level 1.3 Conjurations
 + Level 3.5 Fire Magic


You had 3 spell levels left.
You knew the following spells:

 Your Spells              Type           Power      Damage    Failure   Level
a - Foxfire               Conj/Fire      60%        2x1d7     7%          1
b - Scorch                Fire           42%        2d6       6%          2

Your spell library contained the following spells:

 Spells                   Type           Power      Damage    Failure   Level
 Inner Flame              Hex/Fire       12%        N/A       26%         3
 Volatile Blastmotes      Fire/Tloc      24%        2d12      26%         3
 Flame Wave               Conj/Fire      15%        2d7       56%         4


Dungeon Overview and Level Annotations

Branches:
Dungeon (2/15)

Altars:


Message History

The orc is lightly wounded.
The orc wizard gestures wildly while chanting.
The orc wizard flickers and vanishes!
Deactivating autopickup; reactivate with Ctrl-A.
Casting: Foxfire (safe; 7% risk of failure)
Confirm with . or Enter, or press ? or * to list all spells.
You feel a surge of power!
You miscast Foxfire.
You are very lightly contaminated with residual magic.
Nothing appears to happen.
The foxfire hits something.
The foxfire hits the orc but does no damage.
The orc is lightly wounded.
The foxfire hits something but does no damage.
The orc priest looks satisfied for a moment.
An orc priest comes into view. It is wielding a +0 short sword.
Casting: Foxfire (safe; 7% risk of failure)
Confirm with . or Enter, or press ? or * to list all spells.
You feel a surge of power!
You conjure some foxfire!
You are confused.
Unknown command.
Found a coppery potion.
The foxfire hits the orc priest.
The orc priest is moderately wounded.
The foxfire hits the orc priest.
The orc priest is heavily wounded.
Unknown command.
The orc priest calls upon Beogh to heal the orc.
The orc's wounds heal themselves!
Unknown command.
You're too confused to move!
The orc priest hits you with a +0 hand axe!
The orc priest casts a cantrip, but nothing happens.
Unknown command.
The orc priest invokes the aid of Beogh against you.
Beogh smites you!
Ouch! That really hurt!
* * * LOW HITPOINT WARNING * * *
Something hits you.
* * * LOW HITPOINT WARNING * * *
Your magical contamination has completely faded away.
Something hits you.
You die...

############### !......
#>.....##.....# .......
#.####.##.....# .......
#.# #..#.....# .......
#.#####.#.....#####.......
#.......'.........oo......
#......##........o........
#......##.......o.........
#.#######.......@......###
#.# #..............# #'##
######....<....# ...#
#..........# ...#
#............
...###########..........##
.............#....).....#
.............####....##.
.............####.....


You could see 2 orc priests and 2 orcs.

Vanquished Creatures
  A dart slug (D:3)
  4 orcs (D:3)
  5 endoplasms
  2 giant cockroaches (D:1)
  A goblin (D:3)
  3 hobgoblins
  2 ball pythons
  2 bats (D:1)
  2 frilled lizards (D:1)
  2 kobolds (D:1)
  3 rats
27 creatures vanquished.

Vanquished Creatures (others)
  70 foxfires
70 creatures vanquished.

Grand Total: 97 creatures vanquished

Notes
Turn   | Place    | Note
-------+----------+-------------------------------------------
     0 | D:1      | lyrin the Human Fire Elementalist began the quest for the
                  | Orb.
     0 | D:1      | Reached XP level 1. HP: 13/13 MP: 3/3
   331 | D:1      | Reached XP level 2. HP: 19/19 MP: 0/5
   915 | D:2      | Identified the +1 robe "Forget-Me-Not" {Str+4 Dex+2
                  | Archmagi}
   979 | D:2      | Learned a level 2 spell: Scorch
  1031 | D:2      | You fall into a shaft and drop 1 floor!
  1151 | D:3      | Reached XP level 3. HP: 19/24 MP: 1/6
  1426 | D:3      | Slain by an orc wizard

Illustrated notes

Levels and vault maps discovered:
D:1:      matt_arrival_los_fun, layout_basic
D:2:      kennysheep_six_static_rooms, layout_basic, uniq_terence,
          uniq_crazy_yiuf_cottage
D:3:      layout_basic

Action                     || total
---------------------------++-------
  Melee: Dagger            ||     8
   Cast: Foxfire           ||    39
         Scorch            ||     3
 Armour: Robe              ||     4
  Dodge: Dodged            ||    14

Table legend: (Time is in decaauts)
 A = Elapsed time spent in this place.
 B = Non-inter-level travel time spent in this place.
 C = Inter-level travel time spent in this place.
 D = Time resting spent in this place.
 E = Time spent auto-exploring this place.
 F = Levels seen in this place.
 G = Mean time per level.
                   A        B        C        D        E       F      G
               +--------+--------+--------+--------+--------+-----+--------+
         Total |   1424 |   1405 |     19 |      0 |   1160 |   3 |  474.7 |
       Dungeon |   1424 |   1405 |     19 |      0 |   1160 |   3 |  474.7 |
               +--------+--------+--------+--------+--------+-----+--------+

Top non-repeatable levels by time:
     D:1: 826 daAuts
     D:3: 394 daAuts
     D:2: 203 daAuts
